 Dungeon Crawl Stone Soup version 0.14-a0-3315-g09e681a (webtiles) character file.

232 Psiweapon the Insei (level 5, 0/27 HPs)
             Began as a Vine Stalker Monk on Mar 15, 2014.
             Slain by an orc
             ... wielding a +0,+0 war axe
              (6 damage)
             ... on Level 3 of the Dungeon.
             The game lasted 00:04:47 (1203 turns).

Psiweapon the Insei (Vine Stalker Monk)             Turns: 1203, Time: 00:04:48

HP   0/27        AC  3     Str 14      XL: 5   Next: 18%
MP   0/7         EV 14     Int 11      God:
Gold 97          SH  0     Dex 16      Spells:  0 memorised,  4 levels left

rFire  . . .     SeeInvis .       - Unarmed
rCold  . . .     Clarity  .     a - +0 robe
rNeg   . . .     Conserve .     (no shield)
rPois  .         rCorr    .     p - +0 helmet
rElec  .         rRot     +     (no cloak)
SustAb . .       Spirit   +     (no gloves)
rMut   .         Warding  .     (no boots)
Saprov . . .     Stasis   .     (no amulet)
MR     .....                    (no ring)
                                v - cursed ring of wizardry

@: not resistant to hostile enchantments, fairly stealthy
A: fangs 2, regeneration 1, magic shield, antimagic bite, no device heal
a: no special abilities


You were on level 3 of the Dungeon.
You were not hungry.

You visited 1 branch of the dungeon, and saw 3 of its levels.

You collected 97 gold pieces.

Inventory:

Hand weapons
 f - a +0,+0 dagger
 n - a +0,+0 dagger
Missiles
 g - 61 bolts
 t - 14 poisoned needles
Armour
 a - a +0 robe (worn)
 p - a +0 helmet (worn)
 q - a +0 leather armour
Comestibles
 b - 2 bread rations
 k - a meat ration
 s - 3 chokos
Scrolls
 e - a scroll of identify {unknown}
 h - a scroll of teleportation {unknown}
 i - a scroll of magic mapping {unknown}
 l - 2 scrolls of random uselessness {unknown}
 o - a scroll of recharging {unknown}
 r - a scroll of fear {unknown}
Jewellery
 v - a cursed ring of wizardry (left hand)
Potions
 c - a potion of magic {unknown}
 d - a potion of heal wounds {unknown}
 j - a potion of invisibility {unknown}
 m - a potion of curing {unknown}


   Skills:
 - Level 2.6 Fighting
 + Level 3.6 Dodging
 - Level 2.4 Stealth
 + Level 5.4 Unarmed Combat


You had 4 spell levels left.
You didn't know any spells.

Dungeon Overview and Level Annotations

Branches:
Dungeon (3/15)

Altars:
Dithmenos
Okawaru


Innate Abilities, Weirdness & Mutations

You have extremely sharp teeth.
Your natural rate of healing is unusually fast.
When hurt, damage is shared between your health and your magic reserves.
Your bite disrupts and absorbs the magic of your enemies.
Potions and wands cannot restore your HP.


Message History

The orc closely misses you.
The orc wizard hits you but does no damage.
You miss the orc wizard.
The orc wizard is moderately wounded.
The orc hits you with a short sword. The orc completely misses you.
You hit the orc wizard.
The orc wizard is moderately wounded.
The orc wizard completely misses you. The orc completely misses you.
The orc hits you with a war axe.
* * * LOW HITPOINT WARNING * * *
You punch the orc!
You kill the orc!
The orc wizard hits you but does no damage.
You closely miss the orc wizard. You bite the orc wizard. You drain its magic.
You feel invigorated.
The orc wizard is heavily wounded.
The orc wizard hits you with a dagger.
* * * LOW HITPOINT WARNING * * *
The orc hits you with a war axe!
You die...

#### #..# #..# .#
#..# ..# #..# ..#
######..####..###
.......o).....(...
.......o@..........
#..#######..######
#.(# #..# #..# #..#
#..# #######..#
#.........#


You could see an orc wizard and an orc.

Vanquished Creatures
  The ghost of Gobbopathe the Stinger, an average OpVM (D:3)
  4 adders (D:2)
  A worm (D:2)
  An orc (D:3)
  A ball python (D:3)
  2 goblins
  3 hobgoblins
  A quokka (D:2)
  A giant cockroach (D:2)
  A giant gecko (D:1)
  3 giant newts
  2 kobolds
  3 rats
24 creatures vanquished.

Notes
Turn   | Place    | Note
--------------------------------------------------------------
     0 | D:1      | Psiweapon, the Vine Stalker Monk, began the quest for the Orb.
     0 | D:1      | Reached XP level 1. HP: 11/11 MP: 1/1
   282 | D:1      | Reached XP level 2. HP: 14/16 MP: 3/3
   533 | D:2      | Found an iron altar of Okawaru.
   598 | D:2      | Reached XP level 3. HP: 15/19 MP: 4/4
   800 | D:2      | Reached XP level 4. HP: 23/23 MP: 5/5
  1158 | D:3      | Found a shadowy altar of Dithmenos.
  1159 | D:3      | Noticed Gobbopathe's ghost (average OpVM)
  1171 | D:3      | Killed Gobbopathe's ghost
  1171 | D:3      | Reached skill level 5 in Unarmed Combat
  1171 | D:3      | Reached XP level 5. HP: 21/27 MP: 7/7
  1203 | D:3      | Slain by an orc

Action                   |  1- 3 |  4- 6 || total
-------------------------+-------+-------++-------
Melee: Unarmed           |    82 |    24 ||   106
 Stab: Sleeping          |     1 |       ||     1
